Map: Prion Terraces

Players

SteAdfaSt - Winner!

  • Race: Zerg Zerg
  • League: Master

xKawaiian

  • Race: Terran Terran
  • League: Master

VOD

Have the link to the VOD?

Description

Time

  • Played on: Jan. 12, 2016, 8:39 p.m.
  • Length: 11:49
Show
View Real Time Build Order
Export as new Build Order

SteAdfaSt Zerg - Winner!

Build Orders: Hatch First, Muta Ling Bane 

Get SALT Encoding   

  12  0:01  Drone  
  13  0:12  Overlord  
  13  0:19  Drone  
  14  0:30  Drone x2  
  14  0:34  Drone  
  17  0:52  Hatchery  
  17  0:55  Drone  
  17  0:57  Drone  
  18  1:10  Spawning Pool  
  17  1:13  Drone  
  19  1:18  Drone  
  19  1:22  Extractor  
  18  1:29  Drone  
  19  1:38  Drone  
  20  1:52  Overlord  
  20  1:58  Queen  
  22  2:03  Queen  
  22  2:05  Zergling x4  
  26  2:14  Drone  
  27  2:16  Drone  
  28  2:24  Metabolic Boost  
  28  2:25  Drone  
  28  2:26  Drone  
  29  2:37  Drone  
  29  2:38  Drone  
  29  2:39  Queen  
  33  2:45  Overlord  
  33  2:57  Drone x2  
  35  3:08  Drone x3  
  38  3:13  Drone x3, Overlord  
  38  3:14  Drone  
  38  3:15  Drone  
  43  3:26  Extractor  
  42  3:28  Hatchery  
  42  3:29  Queen  
  43  3:40  Overlord  
  43  3:41  Zergling x2  
  43  3:42  Zergling x2  
  43  3:43  Drone x3  
  48  3:56  Drone x2  
  48  3:57  Drone  
  48  3:58  Overlord x2  
  51  4:09  Evolution Chamber  
  50  4:10  Evolution Chamber  
  49  4:17  Overlord, Drone  
  49  4:18  Drone x3  
  53  4:24  Baneling Nest  
  53  4:30  Zergling x4  
  53  4:31  Zergling x8  
  58  4:34  Zerg Ground Armor Level 1  
  58  4:35  Zerg Melee Weapons Level 1  
  58  4:36  Overlord  
  58  4:38  Overlord  
  58  4:52  Zergling x8  
  62  4:53  Overlord  
  62  4:54  Drone  
  62  4:57  Queen  
  62  4:58  Lair  
  65  5:00  Zergling x6  
  68  5:20  Drone x2  
  68  5:21  Drone x4  
  74  5:22  Overlord  
  73  5:40  Baneling x7  
  73  5:41  Baneling  
  73  5:43  Zergling x14  
  80  6:00  Hatchery  
  74  6:21  Drone x6  
  74  6:22  Drone x2  
  74  6:23  Overlord  
  74  6:24  Overlord  
  74  6:25  Overlord x4  
  82  6:29  Zerg Ground Armor Level 2, Extractor  
  80  6:38  Zerg Melee Weapons Level 2  
  80  6:41  Extractor  
  80  6:46  Drone x2, Extractor  
  80  6:47  Drone, Extractor  
  81  6:49  Drone x2  
  81  6:50  Drone x2  
  81  6:51  Drone x2  
  81  6:52  Drone x3  
  88  7:05  Drone  
  84  7:09  Hatchery  
  84  7:10  Spire  
  84  7:14  Zergling x18  
  89  7:35  Zergling x24  
  99  7:59  Zergling x2  
  99  8:00  Zergling x24  
  104  8:15  Zergling x14  
  110  8:22  Mutalisk  
  112  8:33  Mutalisk x3  
  101  8:42  Hatchery  
  101  8:44  Mutalisk  
  101  8:45  Mutalisk x9  
  119  8:58  Mutalisk  
  119  8:59  Mutalisk  
  119  9:01  Zergling x2  
  119  9:02  Zergling x4  
  111  9:18  Zergling x10  
  111  9:21  Zergling x2  
  111  9:22  Zergling x12  
  123  9:25  Zergling x14  
  130  9:35  Infestation Pit  
  130  9:36  Zergling x12  
  128  9:39  Overseer  
  128  9:42  Zerg Flyer Weapons Level 1, Extractor x2  
  128  9:43  Centrifical Hooks  
  126  9:46  Baneling x16  
  126  9:47  Zergling x2  
  126  9:48  Zergling x6  
  126  9:49  Overseer  
  126  9:50  Overlord  
  126  9:51  Overlord x2  
  131  9:52  Zergling x2  
  131  9:53  Zergling x6  
  134  10:02  Zergling x10  
  139  10:20  Zergling x20  
  149  10:24  Hive  
  149  10:26  Hatchery  
  147  10:31  Zergling x2  
  147  10:32  Zergling x16  
  148  10:39  Drone x3  
  147  10:46  Drone  
  147  10:47  Drone  
  149  10:56  Zergling x8  
  149  10:57  Zergling x4  
  157  10:58  Spore Crawler, Baneling x14  
  157  10:59  Spore Crawler, Baneling x2  
  157  11:00  Baneling x2  
  157  11:01  Overlord x2  
  157  11:03  Drone x3  
  154  11:06  Spore Crawler  
  154  11:09  Spine Crawler  
  151  11:14  Zergling x16  
Show
View Real Time Build Order
Export as new Build Order

xKawaiian Terran 

Build Orders: Reaper Expand, MMM Bio 

Get SALT Encoding   

  12  0:00  SCV  
  13  0:13  SCV  
  14  0:17  Supply Depot  
  14  0:25  SCV  
  15  0:39  SCV  
  15  0:41  Barracks  
  16  0:48  Refinery  
  16  0:51  SCV  
  17  1:03  SCV  
  18  1:15  SCV  
  19  1:28  Orbital Command  
  19  1:33  Reaper  
  20  1:44  Command Center  
  20  1:53  Supply Depot  
  20  1:54  SCV  
  21  2:05  Barracks Reactor  
  21  2:06  SCV  
  22  2:10  Barracks  
  22  2:18  Barracks  
  22  2:21  SCV  
  23  2:33  SCV  
  24  2:43  Marine x2  
  26  2:45  SCV  
  27  2:56  Orbital Command  
  27  2:57  SCV  
  27  2:58  Barracks Tech Lab  
  28  3:00  Marine  
  28  3:01  Marine  
  28  3:04  Marine  
  31  3:10  Factory  
  31  3:13  Refinery  
  31  3:18  Marine x2  
  31  3:19  SCV  
  34  3:20  Stimpack  
  34  3:22  SCV  
  34  3:26  Marine  
  36  3:28  Marine  
  36  3:31  SCV  
  38  3:34  SCV  
  38  3:36  Marine  
  40  3:43  SCV  
  40  3:47  SCV, Marine x3  
  40  3:48  Supply Depot  
  45  3:54  Marine  
  45  3:55  SCV  
  46  3:58  Starport  
  46  3:59  Factory Reactor  
  46  4:08  Supply Depot  
  46  4:09  SCV x2  
  48  4:11  Supply Depot  
  48  4:16  Marine x2  
  50  4:21  SCV x2  
  52  4:33  SCV x2  
  52  4:35  Supply Depot  
  52  4:37  Command Center  
  54  4:42  Medivac x2  
  54  4:45  SCV x2, Marine x2  
  59  4:47  Factory Reactor  
  62  4:56  Marine  
  62  4:58  SCV x2, Supply Depot  
  62  4:59  Marine  
  66  5:03  Supply Depot, Marine  
  67  5:09  Engineering Bay  
  67  5:10  SCV  
  67  5:11  Engineering Bay  
  67  5:13  Medivac  
  70  5:20  Marine, Medivac  
  73  5:23  SCV  
  73  5:28  SCV  
  75  5:29  Marine  
  75  5:30  Hellion, Refinery x2  
  75  5:32  Marine  
  79  5:35  Barracks Reactor  
  79  5:36  SCV  
  79  5:38  Marine  
  79  5:40  SCV  
  82  5:47  Marine  
  82  5:48  SCV  
  84  5:50  Marine  
  84  5:52  SCV  
  84  5:55  Terran Infantry Weapons Level 1  
  84  5:56  Hellion x2  
  90  5:58  SCV  
  90  6:01  SCV  
  92  6:09  SCV  
  92  6:11  Terran Infantry Armor Level 1, Marine, Orbital Command  
  91  6:12  Marine x3  
  91  6:16  SCV  
  91  6:17  Hellion  
  99  6:24  SCV  
  99  6:25  Barracks, Marine  
  99  6:28  SCV, Barracks  
  99  6:31  Orbital Command  
  101  6:43  Supply Depot  
  101  6:45  Supply Depot  
  101  6:50  Armory  
  101  7:00  SCV  
  101  7:03  Combat Shields  
  101  7:05  SCV, Hellion, Medivac x2, Marine  
  101  7:07  Marine  
  110  7:10  Marine x2  
  110  7:11  SCV  
  110  7:12  Missile Turret  
  110  7:14  Barracks Reactor x2  
  113  7:18  SCV  
  113  7:19  Missile Turret  
  114  7:27  Marine  
  114  7:28  Marine x2  
  110  7:31  Hellion x2, Marine x2  
  110  7:34  SCV  
  110  7:35  Supply Depot  
  110  7:36  Supply Depot  
  117  7:47  Terran Vehicle And Ship Armor Level 1  
  117  7:56  Medivac x2, Marine x4  
  117  7:57  SCV, Widow Mine  
  125  7:58  Marine x2  
  125  7:59  Terran Infantry Weapons Level 2, Marine  
  125  8:02  Command Center  
  125  8:03  SCV  
  125  8:12  Marine x2  
  109  8:14  Widow Mine  
  109  8:19  Marine  
  103  8:20  Marine x3  
  103  8:22  Terran Infantry Armor Level 2  
  103  8:23  SCV x2  
  103  8:25  Orbital Command  
  103  8:26  Medivac x2, Widow Mine  
  114  8:30  Marauder  
  114  8:31  Marine  
  114  8:32  Marine x2  
  101  8:42  Widow Mine, Marine x2  
  101  8:44  Marine x3  
  103  8:49  Marine  
  103  8:52  Marine  
  103  8:53  Marine x2  
  103  8:54  Widow Mine  
  109  8:57  Orbital Command  
  109  9:01  Marine  
  107  9:06  Marine x4  
  107  9:07  Marine  
  96  9:10  Marine x2  
  96  9:11  Widow Mine, Medivac x2  
  96  9:17  Marine  
  102  9:18  Marine  
  102  9:22  SCV  
  102  9:24  Marine x4  
  106  9:25  Marine  
  106  9:28  Marine x2  
  112  9:34  Marine  
  112  9:36  Marine  
  109  9:41  Marine  
  109  9:42  Marine  
  111  9:46  Supply Depot  
  111  9:47  Command Center, Supply Depot x2  
  111  9:49  Supply Depot x2, Missile Turret x2  
  111  9:50  Marine x2  
  111  9:51  Widow Mine  
  115  10:04  Marine, Widow Mine  
  115  10:05  Marine, Marauder  
  121  10:12  SCV, Barracks x3  
  121  10:13  Marine  
  123  10:15  SCV, Marine  
  123  10:18  Marine  
  123  10:19  Marine x2  
  128  10:24  Liberator  
  128  10:30  Marine  
  127  10:36  Marine x2  
  127  10:38  Marine x2  
  127  10:39  Marine x2  
  134  10:43  Marine  
  134  10:44  Marine  
  134  10:45  Widow Mine  
  134  10:46  Widow Mine  
  134  10:47  SCV x2  
  134  10:48  Marine  
  129  10:53  Marine  
  129  10:55  Starport  
  129  10:56  Starport, Fusion Core  
  130  10:59  Marine  
  130  11:00  Barracks Tech Lab, Marine  
  130  11:01  Barracks Tech Lab x2  
  130  11:02  Marauder  
  134  11:04  Missile Turret  
  134  11:05  Missile Turret  
  134  11:07  Refinery x2  
  134  11:12  Marine  
  134  11:14  Widow Mine x2  
  134  11:15  Orbital Command  
  138  11:23  Marauder  
  138  11:25  Marine x2  
  115  11:26  Marauder x2, Marine x3  
  115  11:31  Marine  
Tags
 
Add a new tag
Caveats
  • Supply blocks, unpowered buildings, or Contaminate may cause inaccurate times.
  • Supply counts are checked every 10 seconds.